 Dungeon Crawl Stone Soup version 0.31-a0-889-g1a8549509d (webtiles) character file.

Game seed: 1580215223384717255

1782311 Flugkiller the Acrobat (level 27, 184/184 HPs)
             Began as a Kobold Hedge Wizard on Oct 16, 2023.
             Was a High Priest of Ashenzari.
             Escaped with the Orb
             ... and 3 runes!
             The game lasted 02:09:14 (57916 turns).

Flugkiller the Acrobat (Kobold Hedge Wizard)       Turns: 57916, Time: 02:09:15

Health: 184/184    AC: 29    Str: 11    XL:     27
Magic:  44/44      EV: 49    Int: 32    God:    Ashenzari [*****.]
Gold:   6588       SH:  0    Dex: 36    Spells: 22/60 levels left

rFire   + + +        p - +3 Elemental Staff {ele, rElec rF+ rC+ AC+3, Bglg, Fort} (curse)
rCold   + . .        (shield currently unavailable)
rNeg    + . .        D - +5 faerie dragon scales {rCorr Str+2 Dex+6, Elem, Comp} (curse)
rPois   +            M - +0 hat of the Cryptic Ether {Fly rF++ Regen+ Int+2 Dex-2, Bglg, Self} (curse)
rElec   +            W - +2 cloak {rPois}
rCorr   +            F - +0 pair of gloves "Loss of Ashenzari" {Bglg, Comp} (curse)
SInv    +            v - +1 pair of boots "Distant Embarrassment" {Alch, Bglg} (curse)
Will    ++...        y - amulet of Vitality {RegenMP++ Regen++, Bglg, Comp} (curse)
Stlth   ++           N - ring "Beymiymi" {Drain rN+ AC+4 Dex+8 SInv}
HPRegen 2.90/turn    U - ring "Eternal Stoicism" {Int+6 Dex+6, Range, Elem} (curse)
MPRegen 1.09/turn

%: clarity
@: flying, studying Ice Magic
A: small, no large weapons, nightstalker 3
0: Orb of Zot
}: 3/15 runes: decaying, serpentine, abyssal
a: Renounce Religion, Shatter the Chains


You escaped.
You worshipped Ashenzari.
Ashenzari was extremely pleased with you.
You visited 10 branches of the dungeon, and saw 47 of its levels.
You visited the Abyss 2 times.
You also visited: Sewer and Ossuary.

You collected 7341 gold pieces.
You spent 753 gold pieces at shops.

Inventory:

Hand Weapons
 p - the cursed +3 Elemental Staff (weapon) {ele, rElec rF+ rC+ AC+3, Bglg, Fort}
   (You found it on level 2 of the Realm of Zot)

   AC+3:      It affects your AC (+3).
   rF+:       It protects you from fire.
   rC+:       It protects you from cold.
   rElec:     It insulates you from electricity.
   It has a curse which improves the following skills: Beguiling: Conjurations,
   Hexes and Translocations.
   Fortitude: Armour and Shields.
Missiles
 E - 6 curare-tipped darts
 S - a throwing net
Armour
 v - the cursed +1 pair of boots "Distant Embarrassment" (worn) {Alch, Bglg}
   (You found it on level 4 of the Dungeon)

   It has a curse which improves the following skills: Alchemy: Poison Magic and
   Transmutations.
   Beguiling: Conjurations, Hexes and Translocations.
 D - the cursed +5 faerie dragon scales (worn) {rCorr Str+2 Dex+6, Elem, Comp}
   (You took it off the Enchantress on level 3 of the Depths)

   Str+2:     It affects your strength (+2).
   Dex+6:     It affects your dexterity (+6).
   rCorr:     It protects you from acid and corrosion.
   It has a curse which improves the following skills: Elements: Fire Magic, Ice
   Magic, Air Magic and Earth Magic.
   Companions: Summonings and Necromancy.
 F - the cursed +0 pair of gloves "Loss of Ashenzari" (worn) {Bglg, Comp}
   (You found it on level 8 of the Dungeon)

   It has a curse which improves the following skills: Beguiling: Conjurations,
   Hexes and Translocations.
   Companions: Summonings and Necromancy.
 J - a +3 buckler of reflection
   (You took it off a tengu warrior on level 15 of the Dungeon)
 M - the cursed +0 hat of the Cryptic Ether (worn) {Fly rF++ Regen+ Int+2 Dex-2, Bglg, Self}
   (You found it on level 3 of the Elven Halls)

   Int+2:     It affects your intelligence (+2).
   Dex-2:     It affects your dexterity (-2).
   rF++:      It greatly protects you from fire.
   Fly:       It grants you flight.
   Regen+:    It increases your rate of health regeneration.
   It has a curse which improves the following skills: Beguiling: Conjurations,
   Hexes and Translocations.
   Introspection: Fighting and Spellcasting.
 W - a +2 cloak of poison resistance (worn)
   (You took it off a draconian monk on level 5 of the Realm of Zot)
Jewellery
 m - a ring of willpower
   (You found it on level 11 of the Dungeon)
 o - a ring of poison resistance
   (You took it off a deep elf sorcerer on level 3 of the Elven Halls)
 u - a +6 ring of intelligence
   (You took it off a deep elf sorcerer on level 3 of the Elven Halls)
 y - the cursed amulet of Vitality (around neck) {RegenMP++ Regen++, Bglg, Comp}
   (You found it on level 5 of the Dungeon)

   [amulet of magic regeneration]

   RegenMP:   It increases your rate of magic regeneration.
   Regen++:   It increases your rate of health regeneration.
   It has a curse which improves the following skills: Beguiling: Conjurations,
   Hexes and Translocations.
   Companions: Summonings and Necromancy.
 N - the ring "Beymiymi" (left hand) {Drain rN+ AC+4 Dex+8 SInv}
   (You found it on level 1 of the Vaults)

   [ring of protection]

   AC+4:      It affects your AC (+4).
   Dex+8:     It affects your dexterity (+8).
   rN+:       It protects you from negative energy.
   SInv:      It lets you see invisible.
   Drain:     It drains your maximum health when unequipped.
 U - the cursed ring "Eternal Stoicism" (right hand) {Int+6 Dex+6, Range, Elem}
   (You took it off a necromancer on level 5 of the Lair of Beasts)

   [ring of dexterity]

   Int+6:     It affects your intelligence (+6).
   Dex+6:     It affects your dexterity (+6).
   It has a curse which improves the following skills: Ranged Combat: Ranged
   Weapons and Throwing.
   Elements:  Fire Magic, Ice Magic, Air Magic and Earth Magic.
Wands
 b - a wand of roots (32)
   (You found it on level 12 of the Dungeon)
 c - a wand of polymorph (19)
   (You found it on level 2 of the Lair of Beasts)
 j - a wand of digging (5)
   (You found it on level 4 of the Vaults)
 B - a wand of paralysis (38)
   (You found it on level 7 of the Dungeon)
 G - a wand of light (34)
   (You found it on level 9 of the Dungeon)
 L - a wand of flame (59)
   (You found it on level 11 of the Dungeon)
 V - a wand of mindburst (12)
   (You found it on level 5 of the Lair of Beasts)
Scrolls
 f - 17 scrolls of fog
 g - a scroll of silence
 k - 7 scrolls of vulnerability
 l - 6 scrolls of poison
 t - 16 scrolls of teleportation
 x - 3 scrolls of revelation
 z - 2 scrolls of blinking
 C - 10 scrolls of fear
 K - 2 scrolls of summoning
 O - 4 scrolls of immolation
 X - 2 scrolls of enchant armour
Potions
 a - 8 potions of brilliance
 d - 6 potions of might
 e - 3 potions of mutation
 h - 3 potions of haste
 n - 5 potions of resistance
 q - 23 potions of curing
 r - 7 potions of lignification
 s - 6 potions of cancellation
 w - 11 potions of heal wounds
 A - 14 potions of attraction
 H - 5 potions of berserk rage
 I - 6 potions of enlightenment
 R - a potion of invisibility
Miscellaneous
 i - a phial of floods
   (You found it on level 4 of the Snake Pit)
 T - a phantom mirror
   (You found it on level 5 of the Lair of Beasts)
 Y - a box of beasts
   (You found it on level 2 of the Snake Pit)


   Skills:
 + Level 20.0(21.8) Fighting
 - Level 11.0(13.1) Armour
 + Level 25.2 Dodging
 - Level 8.1 Stealth
 - Level 5.0(7.0) Shields
 - Level 14.9(17.0) Spellcasting
 - Level 17.5(23.1) Conjurations
 - Level 15.8(19.8) Summonings
 - Level 1.0(4.0) Translocations
 - Level 21.2(24.0) Earth Magic
 - Level 8.0 Evocations


You had 22 spell levels left.
You knew the following spells:

 Your Spells              Type           Power      Damage    Failure   Level
a - Lehudib's Crystal Sp  Conj/Erth      66%        10d15     1%          8
b - Call Imp              Summ           100%       N/A       0%          2
c - Stone Arrow           Conj/Erth      100%       3d13      0%          3
d - Brom's Barrelling Bo  Conj/Erth      100%       2d11      0%          4
e - Spellforged Servitor  Conj/Summ      52%        N/A       1%          7
f - Summon Hydra          Summ           50%        N/A       1%          7
g - Passwall              Tmut/Erth      85%        N/A       1%          2
i - Irradiate             Conj/Tmut      40%        3d25      1%          5

Your spell library contained the following spells:

 Spells                   Type           Power      Damage    Failure   Level
 Foxfire                  Conj/Fire      100%       2x1d9     0%          1
 Kiss of Death            Conj/Necr      100%       2d13      0%          1
 Magic Dart               Conj           100%       1d8       0%          1
 Sandblast                Erth           100%       2d20      0%          1
 Shock                    Conj/Air       100%       1d9       0%          1
 Animate Armour           Summ/Erth      100%       N/A       0%          4
 Apportation              Tloc           100%       N/A       1%          1
 Necrotise                Necr           100%       1d9       1%          1
 Slow                     Hex            100%       N/A       1%          1
 Sting                    Tmut/Pois      100%       1d8       1%          1
 Blink                    Tloc           100%       N/A       1%          2
 Static Discharge         Conj/Air       100%       2-7/arc   1%          2
 Dazzling Flash           Conj/Hex       100%       N/A       1%          3
 Mephitic Cloud           Conj/Pois/Air  87%        N/A       1%          3
 Summon Guardian Golem    Hex/Summ       76%        N/A       1%          3
 Flame Wave               Conj/Fire      100%       2d21      1%          4
 Fulminant Prism          Conj/Hex       40%        3d19      1%          4
 Iskenderun's Mystic Bla  Conj/Tloc      85%        2d17      1%          4
 Petrify                  Tmut/Erth      100%       N/A       1%          4
 Summon Lightning Spire   Summ/Air       95%        N/A       1%          4
 Borgnjor's Vile Clutch   Necr/Erth      51%        N/A       1%          5
 Fireball                 Conj/Fire      50%        3d20      1%          5
 Freezing Cloud           Conj/Ice/Air   54%        6-21      1%          5
 Orb of Destruction       Conj           54%        9d14      1%          7
 Cigotuvi's Dreadful Rot  Necr/Pois/Air  88%        N/A       2%          2
 Ensorcelled Hibernation  Hex/Ice        94%        N/A       2%          2
 Jinxbite                 Hex            64%        N/A       2%          2
 Sublimation of Blood     Necr           31%        N/A       2%          2
 Wereblood                Tmut           28%        N/A       2%          2
 Volatile Blastmotes      Fire/Tloc      100%       2d18      2%          3
 Starburst                Conj/Fire      50%        6d14      2%          6
 Summon Horrible Things   Summ           50%        N/A       3%          8
 Confusing Touch          Hex            32%        N/A       4%          3
 Ozocubu's Armour         Ice            44%        N/A       4%          3
 Sigil of Binding         Hex            32%        N/A       4%          3
 Swiftness                Air            44%        N/A       4%          3
 Tukima's Dance           Hex            32%        N/A       4%          3
 Vampiric Draining        Necr           31%        2d8       4%          3
 Malign Gateway           Summ/Tloc      40%        N/A       13%         7
 Anguish                  Hex/Necr       16%        N/A       14%         4
 Animate Dead             Necr           31%        N/A       16%         4
 Dispel Undead            Necr           31%        3d14      16%         4
 Airstrike                Air            22%        2d(4-20)  17%         4
 Olgreb's Toxic Radiance  Pois           28%        N/A       19%         4
 Agony                    Necr           31%        N/A       41%         5
 Metabolic Englaciation   Hex/Ice        23%        N/A       41%         5
 Silence                  Hex/Air        23%        N/A       41%         5
 Yara's Violent Unravell  Hex/Tmut       15%        3d8       41%         5
 Alistair's Intoxication  Tmut/Pois      18%        N/A       45%         5
 Death Channel            Necr           15%        N/A       94%         6
 Simulacrum               Ice/Necr       22%        N/A       94%         6
 Eringya's Noxious Bog    Tmut/Pois      14%        4d6       95%         6
 Plasma Beam              Fire/Air       30%        2x1d43    95%         6
 Ozocubu's Refrigeration  Ice            22%        4d12      100%        7
 Discord                  Hex            16%        N/A       100%        8
 Ignition                 Fire           22%        3d8       100%        8
 Maxwell's Capacitive Co  Air            22%        ∞         100%        8
 Fire Storm               Conj/Fire      50%        8d13      100%        9
 Polar Vortex             Ice            22%        12d2*     100%        9


Dungeon Overview and Level Annotations

Branches:
Dungeon (15/15)            Temple (1/1) D:4            Lair (5/5) D:9
  Swamp (4/4) Lair:2        Snake (4/4) Lair:3        Slime (0/5) Lair:5
    Orc (2/2) D:10            Elf (3/3) Orc:2        Vaults (4/5) D:14
  Crypt (0/3) Vaults:3     Depths (4/4) D:15            Zot (5/5) Depths:4
  Sewer (visited)         Ossuary (visited)

Altars:
Ashenzari
Cheibriados
Dithmenos
Elyvilon
Fedhas
Gozag
Hepliaklqana
Kikubaaqudgha
Makhleb
Nemelex Xobeh
Okawaru
Qazlal
Ru
Sif Muna
Trog
Uskayaw
Vehumet
Wu Jian
Xom
Yredelemnul
Zin
The Shining One
Jiyva

Shops:
D:8 *   Orc:2 =:([   Elf:1 (   Vaults:1 !   Vaults:2 !*(:?   Vaults:3 !

Portals:
Hell: Depths:1 Depths:2 Depths:3 Depths:4
Abyss: Depths:3 Depths:4
Pandemonium: Depths:1 Depths:2 Depths:4
Ziggurat: Depths:3
Trove: Depths:4 (give horn of Geryon)

Annotations:
D:4 exclusion: door
D:6 Maggie
D:7 3 runed translucent doors
D:12 2 transporters, Pi314's ghost, novice DrCj
Lair:4 3 runed translucent doors, Nelug's ghost, journeyman OpSh
Elf:2 4 runed translucent doors, Quplyedo's ghost, adept GrGl
Vaults:2 2 transporters, Nizokhlo's ghost, veteran DrCj
Vaults:4 1 transporter, JaaP's ghost, veteran MiFi
Depths:2 2 runed translucent doors


Innate Abilities, Weirdness & Mutations

You are small and have problems with some larger weapons.
You are completely attuned to the shadows.


Message History

The Executioner hits your spellforged servitor!
The Executioner hits your spellforged servitor.
Your spellforged servitor casts a spell at the Executioner.
The crystal spear hits the Executioner!!!
Casting: Spellforged Servitor (mildly dangerous; 1% risk of failure)
Confirm with . or Enter, or press ? or * to list all spells.
Aiming: Lehudib's Crystal Spear (mildly dangerous; 1% risk of failure)
Press: ? - help, Shift-Dir - straight line, f - large abomination
Aim: a large abomination (94% to hit)
You feel a surge of power!
The crystal spear hits the large abomination!!!
The large abomination is almost destroyed.
The Executioner hits your spellforged servitor!!
The Executioner hits your spellforged servitor!
The Executioner hits your spellforged servitor but does no damage.
The Executioner hits your spellforged servitor!!
Your spellforged servitor is destroyed!
Your spellforged servitor disappears in a puff of smoke!
The large abomination completely misses you.
Casting: Lehudib's Crystal Spear (mildly dangerous; 1% risk of failure)
Confirm with . or Enter, or press ? or * to list all spells.
Aiming: Lehudib's Crystal Spear (mildly dangerous; 1% risk of failure)
Press: ? - help, Shift-Dir - straight line, f/p - large abomination
Aim: a large abomination (almost destroyed, 94% to hit)
You feel a surge of power!
The crystal spear hits the large abomination!!!!
You destroy the large abomination!
The Executioner completely misses you. The Executioner closely misses you.
The Executioner completely misses you. x2; The Executioner misses you.
The Executioner hits you but does no damage.
The Executioner completely misses you. x3
The Executioner completely misses you. x3
Casting: Lehudib's Crystal Spear (mildly dangerous; 1% risk of failure)
Confirm with . or Enter, or press ? or * to list all spells.
Aiming: Lehudib's Crystal Spear (mildly dangerous; 1% risk of failure)
Press: ? - help, Shift-Dir - straight line, f - Executioner
Aim: an Executioner (almost dead, fast, 73% to hit)
You feel a surge of power!
The crystal spear hits the Executioner!!!!
You kill the Executioner!
Your base Fighting skill increases to level 20!
A lorocyproca comes into view.
Casting: Lehudib's Crystal Spear (mildly dangerous; 1% risk of failure)
Confirm with . or Enter, or press ? or * to list all spells.
Aiming: Lehudib's Crystal Spear (mildly dangerous; 1% risk of failure)
Press: ? - help, Shift-Dir - straight line, f - lorocyproca
Aim: a lorocyproca (slightly transparent, 80% to hit)
You feel a surge of power!
The crystal spear misses the lorocyproca.
You hit the lorocyproca but do no damage.
The lorocyproca misses you.
You closely miss the lorocyproca.
The lorocyproca hits you but does no damage.
A large abomination comes into view.
The lorocyproca attacks as it pursues you!
The lorocyproca completely misses you.
The lorocyproca attacks as it pursues you!
The lorocyproca completely misses you.
The lorocyproca attacks as it pursues you!
The lorocyproca hits you but does no damage.
You hit the lorocyproca. You freeze the lorocyproca!
The lorocyproca is lightly wounded.
The lorocyproca misses you.
You hit the lorocyproca.
The lorocyproca is moderately wounded.
The lorocyproca completely misses you.
You hit the lorocyproca but do no damage.
You electrocute the lorocyproca!
The lorocyproca is moderately wounded.
The lorocyproca completely misses you.
You hit the lorocyproca but do no damage.
You burn the lorocyproca!
The lorocyproca is heavily wounded.
The lorocyproca completely misses you. The lorocyproca misses you.
You hit the lorocyproca but do no damage.
The lorocyproca is heavily wounded.
The lorocyproca completely misses you.
You hit the lorocyproca.
The lorocyproca is heavily wounded.
The lorocyproca hits you!
You feel your power leaking away.
You hit the lorocyproca but do no damage.
The lorocyproca is heavily wounded.
The lorocyproca completely misses you.
You hit the lorocyproca. You crush the lorocyproca!
The lorocyproca is severely wounded.
The lorocyproca completely misses you.
You miss the lorocyproca.
The lorocyproca is severely wounded.
The lorocyproca completely misses you. x2
You hit the lorocyproca. You crush the lorocyproca!!
You kill the lorocyproca!
No target in view!
No target in view!
There is a large open door here.
Magic restored.
There is a staircase leading out of the dungeon here.
Unknown command.
Enter note: gg You have escaped!

#P.≈≈~~~P#
###
#.~≈≈~P~~#
##.~~~≈~≈#
##.≈≈≈~P#
#~.~≈≈≈~#
#.~≈≈≈~P#
#~.≈≈~~≈#
###..≈≈≈≈#
#@.P~≈≈≈P#
##########


There were no monsters in sight!

Vanquished Creatures
  2 dread liches (Zot:5)
  2 orbs of fire
  Josephina (Depths:2)
  6 Killer Klowns
  A pandemonium lord (Zot:1)
  Vashnia (Snake:4)
  the Lernaean hydra (Swamp:4)
  3 curse toes
  15 golden dragons
  2 electric golems
  21 Orb Guardians
  11 tentacled monstrosities
  An Ice Fiend (D:13)
  A lich (Depths:2)
  A walking divine tome (Depths:4)
  2 deep elf master archers (Elf:3)
  A deep elf blademaster (Elf:3)
  A quicksilver dragon (Zot:3)
  10 death cobs
  2 Executioners (D:1)
  7 shadow dragons
  Frances (Swamp:2)
  4 storm dragons
  4 draconian monks
  A daeva (Zot:3)
  A draconian scorcher (Zot:5)
  A fenstrider witch (Swamp:4)
  A fire giant (Depths:3)
  An iron dragon (Zot:2)
  5 deep elf sorcerers (Elf:3)
  4 frost giants
  4 ghost moths
  3 spectral caustic shrikes (Depths:3)
  A balrug (Depths:1)
  3 draconian stormcallers
  7 draconian shifters
  2 ironbound preservers
  A draconian annihilator (Zot:3)
  A cacodemon (D:10)
  7 very ugly things
  2 spriggan defenders (Depths:3)
  An eleionoma (Swamp:3)
  A vampire knight (Depths:2)
  4 red draconians
  4 stone giants
  A deep elf demonologist (Elf:3)
  5 black draconians
  5 deep elf annihilators (Elf:3)
  3 bunyips
  4 green draconians
  2 lorocyprocas
  2 purple draconians
  2 yellow draconians
  7 white draconians
  A starcursed mass (Abyss:1)
  3 ettins
  4 deep elf death magi (Elf:3)
  A merfolk javelineer (Depths:2)
  11 fire dragons
  An entropy weaver (shapeshifter) (Elf:3)
  A yaktaur captain (Vaults:3)
  6 ice dragons
  A rakshasa (Depths:3)
  A deep elf high priest (Elf:3)
  4 vault guards
  9 hydras
  A ghost crab (Swamp:1)
  3 alligators
  4 spriggan air magi
  A boulder beetle (Lair:2)
  A centaur warrior (D:13)
  An anaconda (Snake:4)
  2 naga warriors (Snake:4)
  4 two-headed ogres
  2 deep troll shamans
  4 tengu warriors
  10 death yaks
  6 dancing weapons
  2 thrashing horrors
  A deep troll earth mage (Depths:4)
  8 spriggan berserkers
  An orc high priest (Orc:2)
  Urug (Lair:2)
  A naga sharpshooter (Snake:4)
  4 hell knights
  A shock serpent (Snake:3)
  4 deep elf knights
  2 wretched stars
  2 iron trolls (Depths:2)
  Sonja (D:12)
  A shadow wraith (Abyss:1)
  A sixfirhy (D:10)
  12 deep trolls
  4 goliath frogs
  2 nameless horrors
  9 bog bodies
  2 glowing orange brains
  2 spriggan druids
  An obsidian statue (Lair:5)
  A deep elf archer (Elf:2)
  2 wizards
  9 swamp dragons
  10 deep elf pyromancers
  A harpy (Vaults:3)
  An ironbound convoker (Vaults:4)
  4 mana vipers
  3 orc knights (Orc:2)
  2 worldbinders (Abyss:3)
  2 orc sorcerers (Orc:2)
  2 will-o-the-wisps
  6 ugly things
  8 deep elf zephyrmancers
  4 cyclopes
  5 oklob plants
  2 salamanders
  2 manticores
  13 moths of wrath
  11 black mambas
  2 dire elephant zombies (Lair:5)
  13 elephants
  A guardian serpent (Snake:4)
  A rust devil (D:10)
  A vault sentinel (Vaults:3)
  An orange demon (Zot:2)
  A naga mage (Snake:1)
  2 smoke demons (Depths:1)
  4 unseen horrors (Depths:3)
  13 cane toads
  2 rime drakes
  An unseen horror zombie (D:7)
  2 tengu conjurers
  3 komodo dragons
  3 yaktaurs
  An ancient zyme (Abyss:3)
  A golden dragon simulacrum (Depths:2)
  A bloated husk (Swamp:1)
  A queen bee (shapeshifter) (Depths:3)
  A polar bear (Lair:4)
  4 meliai
  5 tyrant leeches
  A queen bee (Abyss:3)
  A polar bear (shapeshifter) (Depths:3)
  A troll (D:9)
  4 hornets
  15 blink frogs
  A spectral elephant (Lair:5)
  A raiju (Abyss:3)
  6 large abominations
  4 dream sheep
  3 slime creatures
  A small abomination (Depths:3)
  3 shadows
  A centaur simulacrum (D:14)
  2 wyverns
  5 spriggans
  5 water elementals
  A wraith (D:10)
  A fire elemental (Elf:3)
  A hog (shapeshifter) (D:13)
  35 yaks
  3 basilisks
  A neqoxec (Abyss:3)
  8 vampire mosquitoes
  A redback simulacrum (D:15)
  A harpy simulacrum (D:15)
  8 nagas
  6 swamp worms
  4 acid dragons
  A water moccasin (shapeshifter) (Elf:3)
  11 water moccasins
  A floating eye (Depths:1)
  A black bear (D:4)
  4 ice beasts
  15 orc warriors
  A sky beast (D:7)
  5 swamp drakes
  4 hornet zombies (D:7)
  5 ogres
  16 wolves
  3 boggarts (Vaults:1)
  4 centaurs
  3 phantoms
  4 kobold brigands
  Blork the orc (D:6)
  6 bullfrogs
  4 scorpions
  A glowing shapeshifter simulacrum (Depths:2)
  3 cane toad simulacra (Lair:5)
  17 wights
  An elephant simulacrum (Lair:5)
  3 killer bees (D:8)
  5 howler monkeys
  2 electric eels
  3 centaur zombies
  8 hounds
  A jelly (D:6)
  A sleepcap (D:5)
  12 orc priests
  An iguana (D:5)
  12 orc wizards
  4 mummies (Ossuary)
  3 howler monkey zombies (D:7)
  2 river rats (Sewer)
  10 adders
  2 white imps
  An ufetubus (Abyss:3)
  2 dart slugs
  56 orcs
  8 bats
  2 endoplasms
  4 giant cockroaches
  9 goblins
  2 hobgoblins
  2 jackals (D:1)
  32 kobolds
  3 quokkas
  3 ball pythons
  4 frilled lizards
  5 hobgoblin zombies (Ossuary)
  3 rats
923 creatures vanquished.

Vanquished Creatures (collateral kills)
  3 ancient liches
  An orb of fire (Zot:5)
  Saint Roka (Depths:2)
  Bai Suzhen (Snake:4)
  5 golden dragons
  A curse toe (Zot:5)
  the Enchantress (Depths:3)
  An electric golem (Zot:5)
  6 Orb Guardians
  7 tentacled monstrosities
  Mlioglotl (Swamp:1)
  A deep elf blademaster (Elf:3)
  Gastronok (D:12)
  2 tentacled starspawn (Abyss:3)
  3 sphinxes
  2 quicksilver dragons
  5 death cobs
  Aizul (Snake:4)
  6 storm dragons
  3 shadow dragons
  A tengu reaver (Vaults:3)
  5 nagarajas (Snake:4)
  4 fire giants
  2 draconian monks
  6 frost giants
  3 deep elf sorcerers
  5 draconian scorchers
  3 draconian knights
  A deep elf elementalist (Elf:3)
  2 spectral caustic shrikes (Depths:3)
  11 vault wardens
  A curse skull (Vaults:3)
  3 draconian shifters
  6 ghouls
  3 stone giants
  A draconian annihilator (Zot:3)
  2 draconian stormcallers (Zot:3)
  4 very ugly things
  2 formless jellyfish
  A spriggan defender (Depths:4)
  13 ironbound preservers
  5 ironbound thunderhulks
  2 deep elf demonologists (Elf:3)
  7 black draconians
  A vampire knight (Depths:3)
  6 green draconians
  3 deep elf annihilators (Elf:3)
  3 bunyips
  An eleionoma (Swamp:3)
  10 yellow draconians
  2 red draconians
  2 purple draconians
  12 dire elephants
  6 deep elf death magi
  Snorg (D:13)
  3 white draconians
  An eidolon (Vaults:3)
  A crystal guardian (Vaults:3)
  4 ettins
  A merfolk javelineer (Depths:2)
  A jiangshi (Vaults:3)
  8 fire dragons
  10 yaktaur captains
  A shambling mangrove (Swamp:4)
  5 great orbs of eyes
  A deep elf high priest (Elf:3)
  2 salamander tyrants (Snake:4)
  9 ice dragons
  8 hydras
  An ogre mage (Orc:1)
  A peacekeeper (Vaults:3)
  10 ironbound frosthearts
  6 centaur warriors
  2 spriggan air magi
  2 boulder beetles
  An alligator (Swamp:3)
  2 ghost crabs
  10 vault guards
  16 anacondas
  11 two-headed ogres
  A catoblepas (Lair:5)
  4 dancing weapons
  A deep troll earth mage (Depths:2)
  9 naga warriors
  7 deep troll shamans
  9 tengu warriors
  A vampire mage (Depths:2)
  3 orc high priests
  3 death yaks (Lair:5)
  11 naga sharpshooters (Snake:4)
  2 spriggan berserkers
  2 thrashing horrors
  4 deep elf knights
  4 hell knights
  2 wretched stars (Abyss:3)
  6 shock serpents
  3 iron trolls
  6 salamander mystics
  An iron giant zombie (Abyss:3)
  A flayed ghost (Depths:2)
  A spectral anaconda (Lair:5)
  A spriggan druid (Swamp:1)
  8 naga ritualists
  51 deep trolls
  5 swamp dragons
  A goliath frog (Swamp:2)
  2 glowing orange brains
  6 bog bodies
  12 ironbound convokers
  10 lindwurms
  3 deep elf archers
  7 wizards
  4 harpies (Vaults:3)
  11 deep elf pyromancers
  3 necromancers (Lair:5)
  An orc knight (Orc:2)
  A sphinx simulacrum (Depths:2)
  6 deep elf zephyrmancers
  9 mana vipers
  A phantasmal warrior (Vaults:4)
  19 ugly things
  An orc sorcerer (Orc:2)
  A manticore (D:13)
  A will-o-the-wisp (Swamp:2)
  A cyclops (D:14)
  8 moths of wrath
  8 salamanders
  8 elephants (Lair:5)
  2 nameless horrors
  29 black mambas
  15 vault sentinels
  A smoke demon (Depths:1)
  8 naga magi
  3 guardian serpents (Snake:4)
  A torpor snail (Lair:5)
  A cane toad (Lair:5)
  29 yaktaurs
  A rime drake (Lair:5)
  A komodo dragon (Lair:5)
  A tengu conjurer (D:14)
  A golden dragon simulacrum (Depths:2)
  4 trolls
  A bloated husk (Swamp:1)
  A meliai (D:14)
  9 tyrant leeches
  7 hornets
  3 polar bears (Lair:5)
  2 hellwings
  3 blink frogs (Lair:5)
  29 slime creatures
  An air elemental (Elf:2)
  A shadow (Abyss:3)
  7 spriggans
  5 water elementals
  A fire elemental (Elf:2)
  6 small abominations
  6 vampire mosquitoes
  3 basilisks
  3 chaos spawn
  6 swamp worms
  22 nagas
  A neqoxec (Abyss:3)
  3 wargs
  An acid dragon (Zot:2)
  4 water moccasins
  7 large abominations
  3 swamp drakes (Swamp:4)
  3 ogres
  15 orc warriors
  A black bear (D:5)
  2 wolves
  3 boggarts
  A spriggan simulacrum (Depths:2)
  3 centaurs (D:14)
  2 necrophages
  An earth elemental (Elf:2)
  A howler monkey (D:13)
  An electric eel (D:15)
  6 orc priests
  4 orc wizards
  A river rat (Sewer)
  2 adders
  An ufetubus (Abyss:3)
  A worm (D:3)
  19 orcs
  3 bats (Orc:2)
  2 endoplasms
  A giant cockroach (D:4)
  A goblin (D:3)
  A jackal (Sewer)
  2 kobolds (D:4)
  A quokka (D:3)
  A rat (D:3)
  9 boulders
  A lurking horror (Abyss:1)
900 creatures vanquished.

Vanquished Creatures (others)
  A deep elf knight (Elf:2)
  2 deep elf zephyrmancers (Elf:1)
  A deep elf pyromancer (Elf:1)
  A dire elephant skeleton (Lair:5)
  A bloated husk (Swamp:3)
  5 boulders (D:9)
  9 foxfires
  4 starspawn tentacles (Abyss:3)
24 creatures vanquished.

Grand Total: 1847 creatures vanquished

Notes
Turn   | Place    | Note
-------+----------+-------------------------------------------
     0 | D:1      | Flugkiller the Kobold Hedge Wizard began the quest for the
                  | Orb.
     0 | D:1      | Reached XP level 1. HP: 10/10 MP: 4/4
   219 | D:1      | Reached XP level 2. HP: 15/15 MP: 3/6
   266 | D:1      | Learned a level 2 spell: Call Imp
   454 | D:1      | Found a faded altar of an unknown god.
   883 | D:1      | Reached XP level 3. HP: 17/19 MP: 0/8
  2365 | D:3      | Learned a level 3 spell: Stone Arrow
  2383 | D:3      | Reached XP level 4. HP: 24/24 MP: 7/10
  2425 | D:3      | Reached skill level 1 in Fighting
  2425 | D:3      | Reached skill level 1 in Earth Magic
  2580 | D:3      | Found a glowing drain.
  2586 | D:3      | Reached XP level 5. HP: 28/29 MP: 4/11
  2637 | Sewer    | Entered a sewer
  2834 | Sewer    | Noticed a kobold brigand
  2839 | Sewer    | Killed a kobold brigand
  2840 | Sewer    | Reached XP level 6. HP: 30/34 MP: 1/12
  2970 | Sewer    | Found a white marble altar of Elyvilon.
  3861 | D:4      | Noticed a black bear
  3928 | D:4      | Killed a black bear
  4135 | D:4      | Reached XP level 7. HP: 38/38 MP: 7/13
  4490 | D:4      | Found a staircase to the Ecumenical Temple.
  4527 | Temple   | Entered the Ecumenical Temple
  4547 | Temple   | Became a worshipper of Ashenzari the Shackled
  5429 | D:5      | Entered Level 5 of the Dungeon
  5433 | D:5      | Reached skill level 5 in Conjurations
  5440 | D:5      | Reached skill level 5 in Earth Magic
  5513 | D:5      | Reached skill level 3 in Dodging
  5513 | D:5      | Reached XP level 8. HP: 29/44 MP: 4/14
  5573 | D:5      | Found a sand-covered staircase.
  5579 | Ossuary  | Entered an ossuary
  5804 | Ossuary  | Reached skill level 4 in Dodging
  6292 | D:5      | Found the amulet of Vitality {RegenMP++ Regen++}
  6618 | D:5      | Reached XP level 9. HP: 48/48 MP: 5/15
  7276 | D:6      | Reached skill level 5 in Dodging
  7443 | D:6      | Noticed Maggie
  7499 | D:6      | Reached skill level 5 in Spellcasting
  7618 | D:6      | Noticed Blork the orc
  7699 | D:6      | Reached * piety under Ashenzari
  7816 | D:6      | Killed Blork the orc
  8266 | D:7      | Found a runed translucent gate.
  8266 | D:7      | Found a runed translucent gate.
  8266 | D:7      | Found a runed translucent gate.
  8488 | D:7      | Reached XP level 10. HP: 52/53 MP: 9/17
  8713 | D:7      | Reached ** piety under Ashenzari
  9147 | D:7      | Reached skill level 6 in Dodging
  9303 | D:7      | Found a glowing golden altar of the Shining One.
 10043 | D:7      | Reached skill level 1 in Shields
 10054 | D:8      | Reached skill level 10 in Conjurations
 10122 | D:8      | Found Ruikk's Elemental Accessories.
 10456 | D:9      | Learned a level 4 spell: Brom's Barrelling Boulder
 10547 | D:9      | Reached XP level 11. HP: 60/60 MP: 15/18
 10603 | D:9      | Reached *** piety under Ashenzari
 10724 | D:9      | Noticed a death yak
 10724 | D:9      | Noticed a death yak
 10791 | D:9      | Noticed a death yak
 10822 | D:10     | Entered Level 10 of the Dungeon
 10855 | D:9      | Killed a death yak
 11013 | D:9      | Noticed a death yak
 11040 | D:9      | Killed a death yak
 11235 | D:9      | Noticed a death yak
 11259 | D:9      | Noticed a death yak
 11259 | D:9      | Noticed a death yak
 11283 | D:8      | Killed a death yak
 11340 | D:9      | Found a staircase to the Lair.
 11575 | D:9      | Noticed a death yak
 11641 | D:9      | Killed a death yak
 11642 | D:9      | Reached skill level 5 in Summonings
 11686 | D:9      | Killed a death yak
 11725 | D:9      | Killed a death yak
 11743 | D:9      | Killed a death yak
 11866 | D:9      | Killed a death yak
 11992 | D:9      | Found a staircase to the Lair.
 12475 | D:10     | Reached XP level 12. HP: 64/64 MP: 16/19
 12784 | D:10     | Reached **** piety under Ashenzari
 13100 | D:10     | Learned a level 7 spell: Spellforged Servitor
 13117 | D:10     | Found a staircase to the Orcish Mines.
 13497 | D:11     | Noticed a two-headed ogre
 13499 | D:11     | Killed a two-headed ogre
 13712 | D:11     | Noticed a two-headed ogre
 13715 | D:11     | Killed a two-headed ogre
 13716 | D:11     | Reached skill level 10 in Summonings
 14049 | Lair:1   | Entered Level 1 of the Lair of Beasts
 14100 | Lair:1   | Reached skill level 1 in Evocations
 14757 | Lair:1   | Reached XP level 13. HP: 68/68 MP: 13/20
 15285 | Lair:1   | Reached ***** piety under Ashenzari
 15833 | Lair:2   | Noticed Urug
 15836 | Lair:2   | Killed Urug
 16458 | Lair:2   | Found a staircase to the Swamp.
 17308 | Lair:3   | Found a staircase to the Snake Pit.
 18021 | Lair:4   | Reached XP level 14. HP: 74/74 MP: 14/22
 18149 | Lair:4   | Found a runed translucent gate.
 18149 | Lair:4   | Found a runed translucent gate.
 18150 | Lair:4   | Found a runed translucent gate.
 18150 | Lair:4   | Noticed an acid blob
 18150 | Lair:4   | Noticed an azure jelly
 18150 | Lair:4   | Noticed Nelug's ghost (journeyman OpSh)
 18151 | Lair:4   | Noticed an acid blob
 18151 | Lair:4   | Noticed an azure jelly
 18151 | Lair:4   | Noticed an acid blob
 18757 | Lair:4   | Reached skill level 5 in Fighting
 19154 | Lair:5   | Entered Level 5 of the Lair of Beasts
 19233 | Lair:5   | Noticed a dire elephant
 19313 | Lair:5   | Identified the ring "Jenutiq" {Int+6 Dex+6}
 19660 | Lair:5   | Learned a level 7 spell: Summon Hydra
 19660 | Lair:5   | Reached ****** piety under Ashenzari
 19807 | Lair:5   | Reached skill level 7 in Dodging
 19922 | Lair:5   | Found a viscous altar of Jiyva.
 19925 | Lair:5   | Found a staircase to the Slime Pits.
 20274 | Lair:5   | Noticed a dire elephant
 20356 | Lair:5   | Noticed a dire elephant
 20356 | Lair:5   | Noticed a dire elephant
 20393 | Lair:5   | Killed a dire elephant
 20394 | Lair:5   | Reached skill level 8 in Dodging
 20396 | Lair:5   | Killed a dire elephant
 20475 | Lair:5   | Reached XP level 15. HP: 86/86 MP: 22/27
 20675 | Lair:5   | Reached skill level 9 in Dodging
 21191 | D:12     | Reached skill level 10 in Dodging
 21265 | D:12     | Found a transporter.
 21289 | D:12     | Noticed Pi314's ghost (novice DrCj)
 21300 | D:12     | Found a transporter.
 21302 | D:12     | Identified the +1 long sword "Dragon's Tongue" {freeze,
                  | Int+3}
 21367 | D:12     | Noticed Sonja
 21377 | D:12     | Killed Sonja
 21397 | D:12     | Noticed Gastronok
 21403 | D:12     | Killed Gastronok
 22313 | D:13     | Noticed Snorg
 22395 | D:13     | Killed Snorg
 22552 | D:13     | Reached skill level 5 in Evocations
 22987 | D:14     | Found a gate to the Vaults.
 23243 | D:14     | Reached skill level 15 in Summonings
 23243 | D:14     | Reached XP level 16. HP: 93/93 MP: 11/29
 23824 | D:15     | Entered Level 15 of the Dungeon
 23900 | D:15     | Reached skill level 10 in Earth Magic
 24222 | D:15     | Found a staircase to the Depths.
 24881 | Orc:1    | Entered Level 1 of the Orcish Mines
 25029 | Orc:2    | Entered Level 2 of the Orcish Mines
 25102 | Orc:2    | Found a staircase to the Elven Halls.
 25556 | Orc:2    | Reached skill level 10 in Spellcasting
 25623 | Orc:2    | Found Asiupuel's Antique Weapon Shoppe.
 25625 | Orc:2    | Found Alana's Jewellery Shoppe.
 25625 | Orc:2    | Found Lywoi's Book Boutique.
 25628 | Orc:2    | Found Pubur's Antique Armour Boutique.
 25644 | Orc:2    | Learned a level 8 spell: Lehudib's Crystal Spear
 26009 | Orc:1    | Found a burning altar of Makhleb.
 26525 | Snake:1  | Entered Level 1 of the Snake Pit
 27189 | Snake:1  | Reached XP level 17. HP: 101/102 MP: 20/33
 27594 | Snake:2  | Identified the +6 mace of Jodoutaoss {drain, Drain rPois
                  | Str+2}
 29048 | Snake:4  | Entered Level 4 of the Snake Pit
 29282 | Snake:4  | Reached skill level 15 in Earth Magic
 29330 | Snake:4  | Noticed Aizul
 29335 | Snake:4  | Noticed Bai Suzhen
 29336 | Snake:4  | Killed Aizul
 29580 | Snake:4  | Killed Bai Suzhen
 29868 | Snake:4  | Reached XP level 18. HP: 106/108 MP: 22/34
 30149 | Snake:4  | Noticed Vashnia
 30159 | Snake:4  | Killed Vashnia
 30230 | Snake:4  | Reached skill level 11 in Dodging
 30296 | Snake:4  | Got a serpentine rune of Zot
 30587 | Swamp:1  | Entered Level 1 of the Swamp
 30650 | Swamp:1  | Identified the cursed +0 cloak of Ashenzari's Burden {Bglg,
                  | Elem} (You found it on level 1 of the Lair of Beasts)
 30650 | Swamp:1  | Identified the cursed +1 helmet of the Fated Paranoia
                  | {Bglg, Cun} (You found it on level 2 of the Lair of Beasts)
 30650 | Swamp:1  | Identified the cursed +0 pair of gloves "Loss of Ashenzari"
                  | {Bglg, Comp} (You found it on level 8 of the Dungeon)
 30650 | Swamp:1  | Identified the cursed +1 pair of boots "Distant
                  | Embarrassment" {Alch, Bglg} (You found it on level 4 of the
                  | Dungeon)
 30650 | Swamp:1  | Identified the cursed +1 troll leather armour
                  | "Circumscribed Together" {Regen+, Snorg, Comp, Self} (You
                  | found it on level 13 of the Dungeon)
 31193 | Swamp:1  | Noticed Mlioglotl
 31198 | Swamp:1  | Killed Mlioglotl
 31496 | Swamp:2  | Noticed Frances
 31519 | Swamp:2  | Reached XP level 19. HP: 81/116 MP: 24/35
 31657 | Swamp:2  | Killed Frances
 32083 | Swamp:3  | Reached skill level 15 in Conjurations
 32375 | Swamp:3  | Reached skill level 10 in Fighting
 32782 | Swamp:4  | Entered Level 4 of the Swamp
 33371 | Swamp:4  | Noticed the 27-headed Lernaean hydra
 33377 | Swamp:4  | Killed the 27-headed Lernaean hydra
 33386 | Swamp:4  | Got a decaying rune of Zot
 34308 | Vaults:3 | Identified the of Cahamp
 34308 | Vaults:5 | Identified the "Yseipsolio"
 34308 | Crypt:3  | Identified the "Lulal"
 34308 | Elf:1    | Entered Level 1 of the Elven Halls
 34562 | Elf:1    | Reached XP level 20. HP: 124/124 MP: 22/36
 34896 | Elf:1    | Found Lehanetz's Weapon Shop.
 35205 | Elf:2    | Found a runed translucent door.
 35252 | Elf:2    | Noticed Quplyedo's ghost (adept GrGl)
 35253 | Elf:2    | Identified the +3 morningstar of Cheese {protect, Str+2
                  | Int+5 Stlth+}
 35296 | Elf:2    | Paralysed by an air elemental for 1 turns
 35686 | Elf:2    | Found a runed translucent gate.
 35686 | Elf:2    | Found a runed translucent gate.
 35686 | Elf:2    | Found a runed translucent gate.
 35892 | Elf:3    | Identified the of Rekagonk
 35892 | Elf:3    | Identified the "Asuos"
 35892 | Elf:3    | Identified the "Pihuphuz"
 35892 | Elf:3    | Identified the of Hen Heh
 35892 | Elf:3    | Identified the "Unorar"
 35892 | Elf:3    | Entered Level 3 of the Elven Halls
 36264 | Elf:3    | Found a radiant altar of Vehumet.
 36281 | Elf:3    | Found a radiant altar of Vehumet.
 36504 | Elf:3    | Found a radiant altar of Vehumet.
 37292 | Elf:3    | Identified the ring "Ceoczu" {rCorr Int+4 Slay-6}
 37303 | Elf:3    | Identified the +10 plate armour of Fauduca {Regen+ Dex+3}
 37303 | Elf:3    | Identified the ring of Departure {Drain rElec rC- Will+
                  | Int+7}
 37312 | Elf:3    | Identified the +8 trident of Causality {elec, rC+}
 37319 | Elf:3    | Identified the +6 short sword of Tennotz {freeze, Fly rC+}
 37395 | Elf:3    | Identified the +10 long sword of the Blessed Realm {heavy,
                  | Fly SInv}
 37395 | Elf:3    | Identified the ring "Riawurash" {rC- rCorr Str+2 Int+3
                  | Slay+4}
 37496 | Elf:3    | Identified the +8 hand axe of a Thousand Bounties {pain,
                  | rC+ Str+5 Int+3}
 37732 | Elf:3    | Identified the +5 shortbow "Darph" {flame, Dex+3}
 37752 | Elf:3    | Identified the +0 hat of Restlessness {Fly rF++ Regen+
                  | Int+2 Dex-2}
 37859 | Elf:3    | Learned a level 5 spell: Irradiate
 38112 | Vaults:1 | Entered Level 1 of the Vaults
 38262 | Vaults:1 | Identified the ring "Beymiymi" {Drain rN+ AC+4 Dex+8 SInv}
 38350 | Vaults:1 | Reached skill level 12 in Dodging
 38355 | Vaults:1 | Reached XP level 21. HP: 105/128 MP: 7/40
 38995 | Vaults:1 | Reached skill level 13 in Dodging
 39308 | Vaults:1 | Found Adiabrim's Distillery.
 39864 | Vaults:2 | Reached skill level 14 in Dodging
 39911 | Vaults:2 | Found Pesyzach's Weapon Emporium.
 40085 | Vaults:2 | Found Osuifin's Book Shoppe.
 40134 | Vaults:2 | Reached skill level 15 in Dodging
 40179 | Vaults:2 | Found Tourocou's Magic Scroll Shop.
 40184 | Vaults:2 | Bought a scroll of enchant armour for 120 gold pieces
 40357 | Vaults:2 | Found a transporter.
 40359 | Vaults:2 | Noticed Nizokhlo's ghost (veteran DrCj)
 40392 | Vaults:2 | Found a transporter.
 40454 | Vaults:2 | Found Wicali's Distillery.
 40454 | Vaults:2 | Found Zafe's General Store.
 40459 | Vaults:2 | Bought a potion of resistance for 150 gold pieces
 40459 | Vaults:2 | Bought a potion of invisibility for 120 gold pieces
 40960 | Vaults:3 | Identified the +9 great sword of the Loving Genius {heavy,
                  | rN+}
 41219 | Vaults:3 | Reached skill level 16 in Dodging
 41389 | Vaults:3 | Found Pagu's Distillery.
 41442 | Vaults:3 | Bought a potion of heal wounds for 105 gold pieces
 41442 | Vaults:3 | Bought a potion of magic for 168 gold pieces
 41591 | Vaults:3 | Reached skill level 17 in Dodging
 41594 | Vaults:3 | Reached XP level 22. HP: 126/137 MP: 17/41
 41955 | Vaults:3 | Reached skill level 18 in Dodging
 42106 | Vaults:3 | Found a staircase to the Crypt.
 42526 | Vaults:4 | Reached skill level 5 in Shields
 43181 | Vaults:4 | Noticed JaaP's ghost (veteran MiFi)
 43182 | Vaults:4 | Found a transporter.
 43182 | Vaults:4 | Identified a scroll of acquirement
 43186 | Vaults:4 | Identified the +4 great mace "Irufat" {freeze, rPois Will-
                  | Dex+6}
 43421 | Vaults:4 | Reached skill level 15 in Fighting
 44036 | Depths:1 | Entered Level 1 of the Depths
 44047 | D:15     | Reached XP level 23. HP: 63/145 MP: 16/42
 44186 | Depths:1 | Found a gateway to Hell.
 44427 | Depths:1 | Found a one-way gate leading to the halls of Pandemonium.
 44960 | Depths:1 | Found Zin's Purification Station.
 44962 | Depths:1 | Found a glowing silver altar of Zin.
 44965 | Depths:1 | Bought a potion of curing for 90 gold pieces
 44969 | Depths:1 | Reached skill level 19 in Dodging
 45394 | Depths:2 | Reached skill level 20 in Dodging
 45484 | Depths:2 | Identified the ring of Tuvesch {Ice rElec Will+ Str+4
                  | Dex-5}
 45484 | Depths:2 | Noticed Josephina
 45527 | Depths:2 | Killed Josephina
 45747 | Depths:2 | Found a runed translucent door.
 45750 | Depths:2 | Found a runed translucent door.
 45780 | Depths:2 | Noticed Saint Roka
 45811 | Depths:2 | Killed Saint Roka
 46518 | Depths:3 | Reached skill level 21 in Dodging
 47028 | Depths:3 | Found a one-way gate to the infinite horrors of the Abyss.
 47122 | Depths:3 | Noticed an ancient lich
 47284 | Depths:3 | Killed an ancient lich
 47307 | Depths:3 | Found a one-way gateway to a ziggurat.
 47536 | Depths:3 | Found a bloodstained altar of Trog.
 47539 | Depths:3 | Reached skill level 22 in Dodging
 47539 | Depths:3 | Reached XP level 24. HP: 164/164 MP: 37/44
 47775 | Depths:4 | Entered Level 4 of the Depths
 47788 | Depths:4 | Noticed the Enchantress
 47940 | Depths:3 | Killed the Enchantress
 47944 | Depths:3 | Reached skill level 5 in Stealth
 48147 | Depths:4 | Reached skill level 1 in Armour
 48563 | Depths:4 | Noticed a golden dragon
 48568 | Depths:4 | Killed a golden dragon
 48602 | Depths:4 | Found a gate to the Realm of Zot.
 48689 | Depths:4 | Reached skill level 5 in Armour
 49004 | Depths:4 | Found a portal to a secret trove of treasure.
 49318 | Depths:4 | Voluntarily entered the Abyss.
 49554 | Abyss:2  | Learned a level 2 spell: Passwall
 49564 | Depths:4 | Escaped the Abyss
 49566 | Depths:4 | Voluntarily entered the Abyss.
 49781 | Abyss:3  | Got an abyssal rune of Zot
 49917 | Abyss:3  | Found a corrupted altar of Lugonu.
 49931 | Depths:4 | Escaped the Abyss
 49984 | Zot:1    | Entered Level 1 of the Realm of Zot
 50166 | Zot:1    | Noticed a golden dragon
 50172 | Zot:1    | Killed a golden dragon
 50342 | Zot:2    | Identified the "Kyilesch"
 50465 | Zot:3    | Reached XP level 25. HP: 161/164 MP: 30/42
 50789 | Zot:2    | Reached skill level 10 in Armour
 51032 | Zot:2    | Found the +3 Elemental Staff {ele, rElec rF+ rC+ AC+3}
 51085 | Zot:2    | Identified the +10 morningstar of the Ass {flame, Will+}
 51488 | Zot:2    | 3 times in a row for elemental staff
 51559 | Zot:3    | Noticed a curse toe
 51561 | Zot:3    | Killed a curse toe
 51964 | Zot:3    | Noticed a curse toe
 51973 | Zot:3    | Killed a curse toe
 53201 | Zot:3    | Noticed a Killer Klown
 53205 | Zot:3    | Killed a Killer Klown
 53525 | Zot:3    | Reached XP level 26. HP: 168/168 MP: 22/43
 53553 | Zot:4    | Identified the "Quaxzili"
 53553 | Zot:4    | Identified the "Waneacoc"
 53894 | Zot:4    | Noticed an orb of fire
 53900 | Zot:4    | Killed an orb of fire
 53979 | Zot:4    | Noticed a curse toe
 53982 | Zot:4    | Killed a curse toe
 54787 | Zot:4    | Identified the +2 chain mail of Gravitas {rC- rN++ Regen+}
 54940 | Zot:4    | Identified the +6 battleaxe of Fate {pain, rPois rC- rN+++
                  | Dex-2}
 55050 | Zot:5    | Entered Level 5 of the Realm of Zot
 55546 | Zot:5    | Reached skill level 23 in Dodging
 56070 | Zot:5    | Noticed an ancient lich
 56074 | Zot:5    | Killed an ancient lich
 56265 | Zot:5    | Noticed an orb of fire
 56267 | Zot:5    | Noticed a Killer Klown
 56270 | Zot:5    | Killed an orb of fire
 56273 | Zot:5    | Killed a Killer Klown
 56308 | Zot:5    | Noticed a Killer Klown
 56328 | Zot:5    | Killed a Killer Klown
 56365 | Zot:5    | Noticed a Killer Klown
 56374 | Zot:5    | Killed a Killer Klown
 56388 | Zot:5    | Reached XP level 27. HP: 179/179 MP: 9/44
 56700 | Zot:5    | Reached skill level 24 in Dodging
 56893 | Zot:5    | Noticed a Killer Klown
 56906 | Zot:5    | Killed a Killer Klown
 56935 | Zot:5    | Noticed an ancient lich
 56943 | Zot:5    | Killed an ancient lich
 57001 | Zot:5    | Noticed a Killer Klown
 57011 | Zot:5    | Noticed an orb of fire
 57015 | Zot:5    | Killed a Killer Klown
 57030 | Zot:5    | Killed an orb of fire
 57108 | Zot:5    | Noticed a dread lich
 57114 | Zot:5    | Killed a dread lich
 57130 | Zot:5    | Noticed a dread lich
 57137 | Zot:5    | Killed a dread lich
 57370 | Zot:5    | Got the Orb of Zot
 57435 | Zot:3    | Reached skill level 25 in Dodging
 57490 | Zot:1    | Noticed Myshrise the pandemonium lord
 57494 | Zot:1    | Killed Myshrise the pandemonium lord
 57915 | D:1      | gg
 57916 | D:$      | Escaped with the Orb!

Illustrated notes

,{,* #..#$....#.# *,,,,,,,*
,∆,*##.#.$.$[#..##*,,,,,,,*
,,,*#.##...#...#.#*,,,,,,,*
,,,*#..(.#......##*,,,,,,,* *****
,,,*##.|)...##...#******'****,,,,
***##.#)#........## *,,,,*,,,,
#..#...[...#.#.# **,*,+,,,,
#(#....÷..!|[..# *,***,,,,
##.#.......(.@## *,* *,,,,
##..........#..# ****'***,,,,
***#.#...[.))....##***,,,,,,,,*+*
,,,#...#...(....#.#,,',,,,,,,,*,*
~,,##..#..=.....#.#***,,,,,,,,*,,
~,,#.#.!......#..## *,^,,,,,,+,*
~,,#.#).......#..?# *,,,,,,,,*,*
~,,##..#......(..## *,,,,,,,,*,*
,,,*##..#......### *,,,,,,,,*,,


Turn 51488 on Zot:2: 3 times in a row for elemental staff #P.≈≈~~~P# ###
#.~≈≈~P~~# ##.~~~≈~≈# ##.≈≈≈~P# #~.~≈≈≈~# #.~≈≈≈~P# #~.≈≈~~≈# ###..≈≈≈≈#
#@.P~≈≈≈P# ########## Turn 57915 on D:1: gg

Levels and vault maps discovered:
D:1:      lightli_arrival_windingriver, layout_loops_ring,
          basic_ecumenical_altar
D:2:      layout_basic, serial_glass, glass_columns_b, glass_columns_c,
          glass_columns_c, glass_columns_a
D:3:      layout_rooms, gup_sewer_entry_bubbles, grunt_decor_resistance
D:4:      cheibrodos_fertilizer, layout_loops_corners, temple_green,
          kennysheep_cluttered_room, kennysheep_generic_room_10
D:5:      layout_rooms, chequers_ossuary_entry_cave
D:6:      layout_basic, lightli_orcish_oven, uniq_blork_the_orc, uniq_maggie
D:7:      layout_rooms, general_overflow_altar, serial_undead, serial_undead_b,
          serial_undead_c, serial_undead_d, serial_undead_a, serial_undead_b,
          serial_undead_b, serial_undead_f, serial_undead_a,
          gammafunk_ghost_necromancy
D:8:      layout_gridville, nicolae_elemental_shop
D:9:      layout_loops_ring, dpeg_lair_monsters
D:10:     layout_basic, erik_orc_2
D:11:     layout_loops_ring
D:12:     layout_cave_pools, gammafunk_ghost_berserking_beasts, uniq_sonja,
          uniq_gastronok
D:13:     layout_basic, uniq_snorg
D:14:     layout_irregular_city, lightli_vaults_fourway_checkpoint,
          chequers_garden
D:15:     hangedman_depths_entry_civil_slaughter, layout_basic,
          nicolae_twisting_strands, nrook_pool_corridor
Temple:   mainiacjoe_temple_archimedes_tessellation
Lair:1:   layout_loops_ring, serial_bayou_shore_a, grunt_megastairs_1,
          infiniplex_staircase_pool_2
Lair:2:   layout_cave_pods, skrybe_swamp_entry_bodies, minmay_lair_oklob_bushes,
          uniq_urug
Lair:3:   layout_regular_city, guppyfry_snake_entry_island
Lair:4:   minmay_lair_oklob_tunnel, layout_cave_shapes, gammafunk_ghost_ooze,
          minmay_stone_trees_small, serial_bayou_lagoon_a
Lair:5:   due_jungle_book, layout_loops_ring, dpeg_slime_entry_enclosed,
          worms_lemuel, grunt_megastairs_2, serial_bayou_shore_b
Swamp:1:  layout_basic_swamp, evilmike_swamp_ruin_house_5,
          infiniplex_staircase_pool, uniq_mlioglotl
Swamp:2:  layout_basic_swamp, evilmike_swamp_ruin_rubble_1, uniq_frances
Swamp:3:  layout_basic_swamp, serial_swamp_ruin, hangedman_swamp_ruin_hall,
          evilmike_swamp_ruin_rubble_2
Swamp:4:  grunt_swamp_rune_castle, layout_basic_swamp, swamp_pool4
Snake:1:  layout_onion, nicolae_snake_yet_another_twisty_hallway
Snake:2:  layout_gridlike, nicolae_integral_box
Snake:3:  layout_cave_town
Snake:4:  grunt_snake_rune_serpentine_throne, layout_misc_corridors,
          uniq_bai_suzhen, uniq_vashnia, uniq_aizul
Orc:1:    layout_caves, basic_altar, library_closet
Orc:2:    grunt_orc_tribal_feast, layout_diamond_mine, roderic_batcave
Elf:1:    elf_arrival_002, layout_loops_ring, serial_shops,
          nicolae_shop_mannequins, hangedman_corner_corridor
Elf:2:    nicolae_elf_blades_splatter_lattice
          [nicolae_blade_entry_hurt_lockers], layout_geoelf_octagon,
          hellmonk_ghost_big_iron, serial_glass, glass_columns_b,
          glass_columns_a
Elf:3:    elf_hall, layout_geoelf_octagon, hangedman_elf_simple_split
Vaults:1: hangedman_vaults_stream, grunt_vaults_funnel,
          ontoclasm_vaults_gateway, v_misc_13, nicolae_vaults_house_3,
          nicolae_vaults_six-pack, nicolae_vaults_trapezoid_4,
          nicolae_vaults_trapezoid_lopsided_3, layout_vaults_omnigrid,
          serial_shops, nicolae_shop_statue_plus
Vaults:2: gammafunk_ghost_mausoleum, hangedman_vaults_trim, vaults_dpeg_doors,
          ontoclasm_vaults_ring_large, nicolae_vaults_tetromino_L_1, v_misc_23,
          nicolae_vaults_heart-shaped_vault,
          hangedman_vaults_stretched_pinwheel,
          nicolae_vaults_little_guard_posts, nicolae_vaults_shelves_hall,
          layout_vaults_big_room, serial_shops, shop,
          nicolae_shop_competitors_out_of_business, nicolae_shop_crystal, shop,
          shop
Vaults:3: hangedman_vaults_nodes, vaults_room_pools, hangedman_vaults_capsules,
          v_misc_31, v_alt_pattern_6, v_pattern_3, vaults_dpeg_hooks,
          v_alt_pattern_6, vaults_dpeg_emergency_exit,
          minmay_crypt_entry_simple_plaza, nicolae_vaults_trapezoid_lopsided_4,
          nicolae_vaults_trapezoid_lopsided_4, nicolae_vaults_display_case,
          nicolae_vaults_diamond_1, layout_vaults_omnicross, serial_shops,
          nicolae_shop_waterfront
Vaults:4: gammafunk_ghost_smash, hangedman_vaults_hat, ontoclasm_vaults_idyll,
          nicolae_vaults_corridor_and_loot_room, v_misc_13, v_misc_25,
          grunt_vaults_trifunnel, v_misc_24, nicolae_vaults_tetromino_L_2,
          nicolae_vaults_tetromino_T_2, nicolae_vaults_trapezoid_4,
          nicolae_vaults_network_barrier, nicolae_vaults_what_the_h,
          nicolae_vaults_offset_grid_hallway_3, nicolae_vaults_apartment_1,
          layout_vaults_omnibox
Depths:1: layout_twisted_cross, lightli_too_deep, hangedman_decor_lopped,
          grunt_pan_entry_spiral, zin_purify
Depths:2: thingy_vault_2, layout_cave_pools, hell_entry, pan_entry,
          kennysheep_path_1, uniq_saint_roka, uniq_josephina
Depths:3: kennysheep_room_grid, layout_gridlike, enter_ziggurat_d,
          minmay_door_square, pf_hell_entry_tar_river, minmay_room_of_horrors,
          columned_hall_lemuel, evilmike_spriggan_trog_shrine,
          infiniplex_staircase_zigzag_4
Depths:4: grunt_twist_and_shout, layout_long_grid, grunt_hell_entry_dis_grunt,
          abyss_entry_small_statue_room, nicolae_zig_zag_zippers, pan_entry,
          nicolae_trove_entry_free_sample, uniq_enchantress
Zot:1:    circus_mu, layout_gridlike, uniq_tiamat
Zot:2:    layout_gridlike, st_grand_hoard_of_tiamat
Zot:3:    grunt_deathspiral_small, layout_cathedral_of_symmetry, st_stairs_12
Zot:4:    layout_onion_interference, st_large_dragon_hoard_2
Zot:5:    layout_twisted_circle

Skill      XL: |  1  2  3  4  5  6  7  8  9 10 11 12 13 14 15 16 17 18 19 20 21 22 23 24 25 26 27 |
---------------+----------------------------------------------------------------------------------+-----
Conjurations   | 2 3 4 5 6 9 10 12 13 14 16 17 | 17.5
Summonings     | 2 6 11 14 15 | 15.8
Spellcasting   | 4 5 8 9 10 13 14 | 14.9
Fighting       | 1 2 3 7 8 9 10 12 15 16 18 20 | 20.0
Earth Magic    | 1 2 3 5 6 7 8 9 11 16 17 18 20 21 | 21.2
Dodging        | 3 4 5 6 8 10 11 12 17 18 22 23 25 | 25.2
Shields        | 2 3 5 |  5.0
Evocations     | 2 6 8 |  8.0
Stealth        | 8 |  8.1
Armour         | 9 11 | 11.0
Translocations | |  1.0

Action                     |  1- 3 |  4- 6 |  7- 9 | 10-12 | 13-15 | 16-18 | 19-21 | 22-24 | 25-27 || total
---------------------------+-------+-------+-------+-------+-------+-------+-------+-------+-------++-------
  Melee: Dagger            |    10 |       |       |       |       |       |       |       |       ||    10
         Whip              |    12 |    16 |       |       |       |       |       |       |       ||    28
         Short sword       |       |    25 |    61 |    36 |   109 |    52 |   121 |   213 |    17 ||   634
         Punch             |       |       |       |     1 |       |       |       |       |       ||     1
         Staff             |       |       |       |       |       |       |       |       |    92 ||    92
   Cast: Magic Dart        |    70 |    65 |    43 |       |     1 |       |       |       |       ||   179
         Call Imp          |     4 |    23 |     4 |     7 |     1 |     1 |     1 |       |       ||    41
         Stone Arrow       |       |     4 |   110 |   310 |   482 |   341 |    55 |       |       ||  1302
         Brom's Barrelling |       |       |       |    29 |     1 |       |       |       |       ||    30
         Spellforged Servi |       |       |       |       |    44 |   111 |   127 |   110 |   103 ||   495
         Summon Hydra      |       |       |       |       |    17 |    47 |    90 |   147 |     1 ||   302
         Lehudib's Crystal |       |       |       |       |       |     9 |   152 |   208 |   298 ||   667
         Irradiate         |       |       |       |       |       |       |       |    13 |     2 ||    15
         Passwall          |       |       |       |       |       |       |       |     4 |       ||     4
 Invoke: Curse Item        |       |       |     2 |     5 |     4 |     2 |       |     3 |     2 ||    18
         Shatter the Chain |       |       |       |       |     4 |       |     2 |     3 |     2 ||    11
  Evoke: Wand              |       |       |       |     1 |       |     1 |     3 |     3 |       ||     8
         Phial of floods   |       |       |       |       |       |       |     1 |     1 |       ||     2
         Phantom mirror    |       |       |       |       |       |       |       |     1 |       ||     1
    Use: Scroll            |     5 |     2 |     2 |       |     4 |     1 |       |     4 |     7 ||    25
         Potion            |       |     1 |     2 |     1 |       |     1 |     4 |     3 |     4 ||    16
   Stab: Sleeping          |       |       |     1 |     1 |       |       |       |       |       ||     2
         Distracted        |       |       |       |       |       |     1 |     5 |     3 |     2 ||    11
         Invisible         |       |       |       |       |       |       |     3 |     2 |     1 ||     6
 Armour: Robe              |    13 |    16 |    45 |    56 |   158 |       |       |       |       ||   288
         Troll leather arm |       |       |       |       |    18 |   109 |   141 |    93 |       ||   361
         Skin              |       |       |       |       |       |     1 |       |       |       ||     1
         Acid dragon scale |       |       |       |       |       |       |       |    58 |   129 ||   187
  Dodge: Dodged            |    23 |    43 |    63 |    83 |   214 |   271 |   310 |   524 |   495 ||  2026
  Block: Buckler           |       |       |       |    16 |    68 |    65 |    74 |   146 |    15 ||   384
         Reflection        |       |       |       |       |       |       |       |     1 |       ||     1

Table legend: (Time is in decaauts)
 A = Elapsed time spent in this place.
 B = Non-inter-level travel time spent in this place.
 C = Inter-level travel time spent in this place.
 D = Time resting spent in this place.
 E = Time spent auto-exploring this place.
 F = Levels seen in this place.
 G = Mean time per level.
                   A        B        C        D        E       F      G
               +--------+--------+--------+--------+--------+-----+--------+
         Total |  58297 |  54575 |   3722 |  10731 |  30544 |  53 | 1099.9 |
       Dungeon |  17810 |  16295 |   1515 |   3351 |   9782 |  15 | 1187.3 |
        Temple |     40 |      3 |     37 |      0 |      0 |   1 |   40.0 |
          Lair |   7255 |   6830 |    425 |   1331 |   4008 |   5 | 1451.0 |
         Swamp |   3804 |   3531 |    273 |    686 |   1905 |   4 |  951.0 |
     Snake Pit |   4013 |   3809 |    204 |    296 |   2596 |   4 | 1003.2 |
  Orcish Mines |   1536 |   1391 |    145 |    234 |    823 |   2 |  768.0 |
   Elven Halls |   3655 |   3441 |    214 |    465 |   2141 |   3 | 1218.3 |
        Vaults |   5870 |   5606 |    264 |    628 |   3593 |   4 | 1467.5 |
        Depths |   5397 |   5054 |    343 |    923 |   2887 |   4 | 1349.2 |
           Zot |   7502 |   7204 |    298 |   2326 |   2559 |   5 | 1500.4 |
         Abyss |    610 |    610 |      0 |     40 |    172 |   4 |  152.5 |
         Sewer |    409 |    409 |      0 |    162 |     68 |   1 |  409.0 |
       Ossuary |    390 |    390 |      0 |    289 |      9 |   1 |  390.0 |
               +--------+--------+--------+--------+--------+-----+--------+

Top non-repeatable levels by time:
   Zot:3: 2289 daAuts
   Zot:5: 2183 daAuts
     D:9: 2031 daAuts
   Elf:3: 2004 daAuts
     D:4: 1961 daAuts
  Lair:5: 1819 daAuts
Depths:3: 1770 daAuts
  Lair:2: 1755 daAuts
Vaults:1: 1608 daAuts
   Zot:4: 1591 daAuts
Vaults:3: 1527 daAuts
Vaults:4: 1479 daAuts
 Snake:4: 1402 daAuts
  Lair:1: 1342 daAuts
     D:5: 1338 daAuts
